[Event "7th Leer Open-B 2024"]
[Site "Leer"]
[Date "2024.10.31"]
[Round "2.19"]
[White "Lauenstein, Nico"]
[Black "Demiroers, Emre"]
[Result "1-0"]
[ECO "B48"]
[WhiteElo "1732"]
[BlackElo "1614"]
[Annotator "NA COMBH"]
[PlyCount "117"]
[EventDate "2024.10.14"]
[EventType "swiss"]
[EventCountry "GER"]
[SourceTitle "playchess.com"]
[Source "ChessBase"]
[SourceQuality "1"]
[TimeControl "40/5400+30:900+30"]

1. e4 c5 2. Nf3 e6 3. d4 cxd4 4. Nxd4 Nc6 5. Nc3 Qc7 6. Be3 a6 7. Qd2 Nf6 8. O-O-O Bb4 9. f3 d5 10. Nxc6 bxc6 11. a3 Ba5 12. b4 Bb6 13. Bxb6 Qxb6 14. exd5 cxd5 15. Qd4 Qxd4 16. Rxd4 Bd7 17. Rd2 Ke7 18. Be2 Rhc8 19. Kb2 Ne8 20. Re1 Kf6 21. Nd1 Bb5 22. Ne3 Nd6 23. Kb3 Bxe2 24. Rexe2 h5 25. a4 Rab8 26. Rd4 Rb7 27. c4 Nxc4 28. Nxc4 dxc4+ 29. Rxc4 Rd8 30. Rc6 Rd4 31. Rc4 Rd3+ 32. Rc3 Rd4 33. Rc4 Rd3+ 34. Kb2 Rd6 35. Rec2 Rdb6 36. Ka3 e5 37. Rc6+ Kg5 38. Rxb6 Rxb6 39. Rc5 f6 40. b5 axb5 41. axb5 Kf5 42. Kb4 g5 43. Rc6 Rb8 44. Kc5 g4 45. b6 gxf3 46. gxf3 h4 47. Kd6 Kf4 48. Kc7 Rxb6 49. Kxb6 Kxf3 50. Rc3+ Ke2 51. Kc5 e4 52. Kd4 f5 53. Rc5 e3 54. Rc3 f4 55. Ke4 Kd2 56. Ra3 h3 57. Kf3 Kd1 58. Ra2 Ke1 {[%emt 0:01:33] Check Result:#8} 59. Rb2 1-0

[Event "7th Leer Open-B 2024"]
[Site "Leer"]
[Date "2024.10.31"]
[Round "2.19"]
[White "Mallek, Peter"]
[Black "Lueders Vega, Iago Ernst"]
[Result "0-1"]
[ECO "C50"]
[WhiteElo "1491"]
[BlackElo "1578"]
[Annotator "NA COMBH"]
[PlyCount "42"]
[EventDate "2024.10.14"]
[EventType "swiss"]
[EventCountry "GER"]
[SourceTitle "playchess.com"]
[Source "ChessBase"]
[SourceQuality "1"]
[TimeControl "40/5400+30:900+30"]

1. e4 e5 2. Nf3 Nc6 3. Bc4 Nf6 4. d3 Bc5 5. Bg5 h6 6. Bh4 g5 7. Bg3 d6 8. Nc3 Be6 9. Nd5 Bxd5 10. Bxd5 Qd7 11. O-O O-O-O 12. c3 Rdg8 13. Qb3 h5 14. Bxf7 Nd8 15. Bxg8 Rxg8 16. h3 g4 17. hxg4 Qxg4 18. Qc2 Qxg3 19. Nh4 Ng4 20. Nf3 Nh2 21. Ne1 {[%emt 0:04:41] Check Result:-#1} Nf3+ 0-1

[Event "7th Leer Open-B 2024"]
[Site "Leer"]
[Date "2024.10.31"]
[Round "2.20"]
[White "Schlueter, Ulrike"]
[Black "Wilting, Oskar"]
[Result "1-0"]
[ECO "D06"]
[WhiteElo "1647"]
[BlackElo "1490"]
[Annotator "NA COMBH"]
[PlyCount "55"]
[EventDate "2024.10.14"]
[EventType "swiss"]
[EventCountry "GER"]
[SourceTitle "playchess.com"]
[Source "ChessBase"]
[SourceQuality "1"]
[TimeControl "40/5400+30:900+30"]

1. d4 d5 2. c4 Nf6 3. cxd5 Nxd5 4. e4 Nf6 5. Nc3 Nc6 6. Bb5 Bd7 7. Nf3 e6 8. Bg5 Be7 9. O-O O-O 10. Rc1 a6 11. Bd3 b5 12. e5 Nd5 13. Bxe7 Qxe7 14. Ne4 Qb4 15. Nc5 Be8 16. Rc2 Nxd4 17. Nxd4 Qxd4 18. Bxh7+ Kxh7 19. Qxd4 Rd8 20. Qh4+ Kg8 21. Qxd8 Bc6 22. Qh4 a5 23. Ne4 Nb4 24. Ng5 Re8 25. Rc3 Bd5 26. Rxc7 Rd8 27. Qh7+ Kf8 {[%emt 0:00:06] Check Result:?ev?} 28. Qh8# 1-0

[Event "7th Leer Open-B 2024"]
[Site "Leer"]
[Date "2024.10.31"]
[Round "2.21"]
[White "Schenk, Michael"]
[Black "Anton Guijarro, David"]
[Result "0-1"]
[ECO "C36"]
[WhiteElo "1643"]
[BlackElo "2667"]
[Annotator "RC"]
[PlyCount "80"]
[EventDate "2024.10.14"]
[EventType "swiss"]
[EventCountry "GER"]
[SourceTitle "playchess.com"]
[Source "ChessBase"]
[SourceQuality "1"]
[TimeControl "40/5400+30:900+30"]

1. e4 e5 2. f4 exf4 3. Nf3 d5 4. e5 Bg4 5. d4 Nc6 6. c3 Bxf3 7. Qxf3 Qh4+ 8. Qf2 Qxf2+ 9. Kxf2 g5 10. Bb5 Nge7 11. Nd2 a6 12. Bd3 O-O-O 13. b4 Ng6 14. a4 Nce7 15. Nb3 Bg7 16. b5 axb5 17. Bxb5 c6 18. Bd3 Kc7 19. Ba3 b6 20. Rhb1 Ra8 21. Bd6+ Kd7 22. a5 f6 23. axb6 fxe5 24. Rxa8 Rxa8 25. b7 Ra2+ 26. Kf1 Kxd6 27. b8=Q+ Ke6 28. Nc5+ Kf7 29. dxe5 Nxe5 30. Qb3 Ra5 31. Ne4 Nxd3 32. Nxg5+ Kg6 33. Nf3 Nf5 34. Ke2 Nc5 35. Qc2 Ne4 36. Rb3 Ne3 37. Qd3 Ra2+ 38. Ke1 Ra1+ 39. Rb1 Bxc3+ 40. Qxc3 Rxb1+ 0-1

[Event "7th Leer Open-B 2024"]
[Site "Leer"]
[Date "2024.10.31"]
[Round "2.22"]
[White "Noennig, Nina"]
[Black "Knorr, Frank"]
[Result "0-1"]
[ECO "B07"]
[WhiteElo "1452"]
[BlackElo "1641"]
[Annotator "NA COMBH"]
[PlyCount "93"]
[EventDate "2024.10.14"]
[EventType "swiss"]
[EventCountry "GER"]
[SourceTitle "playchess.com"]
[Source "ChessBase"]
[SourceQuality "1"]
[TimeControl "40/5400+30:900+30"]

1. e4 d6 2. d4 Nf6 3. Nc3 c6 4. Bd3 Nbd7 5. Nf3 e5 6. O-O h6 7. Be3 Be7 8. Qe2 Qc7 9. Bc4 b5 10. Bb3 b4 11. Nd1 Nxe4 12. Qc4 d5 13. Qd3 a5 14. a4 Ba6 15. c4 bxc3 16. Qc2 cxb2 17. Nxb2 Nef6 18. Rfe1 O-O 19. Bd2 e4 20. Nh4 Ng4 21. g3 Bxh4 22. Bf4 Qb6 23. gxh4 Rac8 24. Qd1 Ngf6 25. Bd6 Rfe8 26. Rc1 Re6 27. Bf4 Nf8 28. h5 N6h7 29. Rc3 Rf6 30. Qd2 Ne6 31. Be5 Rf5 32. Rg3 Nhg5 33. Bd1 f6 34. Bg4 Nf3+ 35. Bxf3 Rxf3 36. Rg6 Ng5 37. Bg3 Rxg3+ 38. hxg3 Nf3+ 39. Kg2 Nxd2 40. Nd1 Qxd4 41. Ne3 Nf3 42. Nf5 Nxe1+ 43. Kh3 Qa7 44. Kh4 Re8 45. Nxh6+ Kf8 46. Nf5 Nf3+ {[%emt 0:00:00] Check Result:-#5} 47. Kg4 0-1

[Event "7th Leer Open-B 2024"]
[Site "Leer"]
[Date "2024.10.31"]
[Round "2.32"]
[White "Kulgemeyer, Justus"]
[Black "Meyer, Frank"]
[Result "1-0"]
[ECO "D00"]
[WhiteElo "1566"]
[BlackElo "2038"]
[Annotator "RC"]
[PlyCount "105"]
[EventDate "2024.10.14"]
[EventType "swiss"]
[EventCountry "GER"]
[SourceTitle "playchess.com"]
[Source "ChessBase"]
[SourceQuality "1"]
[TimeControl "40/5400+30:900+30"]

1. d4 d5 2. Nc3 Nf6 3. Bf4 a6 4. e3 Nc6 5. Bd3 Nb4 6. Be2 Bf5 7. Rc1 Ne4 8. a3 Nxc3 9. bxc3 Nc6 10. g4 Bg6 11. h4 h6 12. c4 dxc4 13. Bxc4 Na5 14. Bd3 Bxd3 15. Qxd3 e6 16. f3 b5 17. Qc3 Nc4 18. a4 c6 19. Ne2 Ba3 20. Rb1 Qd7 21. Kf2 Rc8 22. e4 O-O 23. Ng3 a5 24. g5 Bb4 25. Qa1 Bd2 26. Bxd2 Nxd2 27. Rbd1 Nc4 28. gxh6 gxh6 29. Rhg1 f6 30. Nh5+ Kh8 31. Qc1 Qh7 32. Rg7 Qxg7 33. Nxg7 Kxg7 34. Rg1+ Kh7 35. Qf1 Rg8 36. Qd3 Rcd8 37. e5+ f5 38. axb5 cxb5 39. Rxg8 Rxg8 40. Qb3 Rb8 41. h5 Kg7 42. f4 Kf7 43. Qg3 Rg8 44. Qf3 Rb8 45. Qg2 Ke7 46. Qg7+ Kd8 47. Qxh6 Kd7 48. Qg7+ Kc6 49. h6 a4 50. Qa7 Rb7 51. Qc5+ Kd7 52. h7 Rb8 53. Qa7+ 1-0